Match 46655649
Unlisted

Match 46655649
End
Engineer Squad
Construct Weapon Support Center
Scout Squad
Sniper
M1919 Machine Gun Team
Construct Medical Station
Sniper
Bazooka Squad
Scout Squad
M1919 Machine Gun Team
M1919 Machine Gun Team
Bazooka Squad
Selects Advanced Infantry Battlegroup
Selects Artillery Observers
Selects M2A1 105mm Howitzer Emplacement
Infantry Support Center
.30 cal Machine Gun
.30 cal Machine Gun
Artillery Observer Squad
Selects Free Fire Drills
Selects Convert to Ranger Squad
Selects Frontline Medical Station
Selects Infantry Assault
Infantry Assault
Engineer Squad
Infantry Assault
Advanced Logistics
Survival Training
Infantry Assault
Brick_man
Generick
Low Expectations
frostie
Lonewolf42
ZZZ
0
0

Comments sign in to comment!

No comments posted yet!